 Dungeon Crawl Stone Soup version 0.31-a0-924-ge39a22a033 (webtiles) character file.

Game seed: 13603125286705976056

287 BinkBink the Trooper (level 6, 0/49 HPs)
             Began as a Demonspawn Hunter on Oct 18, 2023.
             Was a Follower of Dithmenos.
             Slain by Eustachio
             ... wielding a +2 rapier of speed
              (3 damage)
             ... on level 4 of the Dungeon.
             The game lasted 00:07:09 (3312 turns).

BinkBink the Trooper (Demonspawn Hunter)            Turns: 3312, Time: 00:07:09

Health: 0/49       AC:  6    Str: 11    XL:     6   Next: 8%
Magic:  6/6        EV: 14    Int: 10    God:    Dithmenos [*.....]
Gold:   230        SH:  4    Dex: 19    Spells: 5/5 levels left

rFire   . . .        a - +0 shortbow
rCold   . . .        (shield currently unavailable)
rNeg    . . .        c - +0 leather armour
rPois   .            (no helmet)
rElec   .            (no cloak)
rCorr   .            o - +0 pair of gloves
SInv    .            (no boots)
Will    .....        (no amulet)
Stlth   ++           (no ring)
HPRegen 0.28/turn    (no ring)
MPRegen 0.10/turn

%: no passive effects
@: about to teleport, weak-willed, wreathed by umbra
A: thin metallic scales 1, condensation shield, weakness stinger 2
a: Renounce Religion


You were on level 4 of the Dungeon.
You worshipped Dithmenos.
Dithmenos was aware of your devotion.
You visited 1 branch of the dungeon, and saw 4 of its levels.

You collected 230 gold pieces.

Inventory:

Hand Weapons
 a - a +0 shortbow (weapon)
Armour
 c - a +0 leather armour (worn)
 o - a +0 pair of gloves (worn)
Wands
 j - a wand of digging (4)
Scrolls
 b - a scroll of teleportation
 d - 2 scrolls of revelation
 e - a scroll of vulnerability
 f - a scroll of enchant weapon {unknown}
 g - a scroll of acquirement {unknown}
 h - 4 scrolls of identify
 m - a scroll of noise {unknown}
 q - a scroll of fog {unknown}
 s - 2 scrolls of amnesia {unknown}
 t - a scroll of blinking {unknown}
Potions
 i - a potion of haste {unknown}
 k - 3 potions of enlightenment {unknown}
 l - a potion of mutation {unknown}
 n - a potion of lignification {unknown}
 p - 3 potions of heal wounds {unknown}
 r - a potion of magic {unknown}


   Skills:
 + Level 4.7 Fighting
 - Level 3.6 Ranged Weapons
 + Level 4.3 Dodging
 - Level 0.8 Stealth


You had 5 spell levels left.
You didn't know any spells.
Your spell library contained the following spells:

 Spells                   Type           Power      Damage    Failure   Level
 Necrotise                Necr           0%         1d4       45%         1
 Gell's Gravitas          Tloc           0%         N/A       83%         3
 Teleport Other           Tloc           0%         N/A       83%         3
 Vampiric Draining        Necr           0%         2d6       83%         3
 Agony                    Necr           0%         N/A       100%        5
 Dispersal                Tloc           0%         N/A       100%        6


Dungeon Overview and Level Annotations

Branches:
Dungeon (4/15)
 Temple: D:4-7

Altars:
Dithmenos
Hepliaklqana
Yredelemnul

Shops:
D:3 [

Annotations:
D:2 1 runed translucent door, Crazy Yiuf
D:4 Eustachio


Innate Abilities, Weirdness & Mutations

You are partially covered in thin metallic scales. (AC +2)
A meltable shield of frost defends you. (SH +4)
You have a tail ending in a sharp stinger.


Message History

The iron imp is heavily wounded.
The quokka completely misses you. The crimson imp closely misses you.
The iron imp hits you but does no damage.
The iron imp barely misses you. The quokka bites you.
Fire: a) +0 shortbow
Press: ? - help, Q - select action Shift-Dir - straight line, f/p - iron imp
Aim: an iron imp (heavily wounded, summoned, umbra, 71% to hit)
You shoot an arrow.
The arrow hits the iron imp but does no damage.
The iron imp is heavily wounded.
The crimson imp hits you but does no damage.
The quokka barely misses you. The iron imp hits you!
* * * LOW HITPOINT WARNING * * *
The iron imp shouts, "Take thy face hence, thou baffled toad-spotted maggot-pie!"
You block the iron imp's attack.
The crimson imp hits you but does no damage.
As you read the scroll labelled TETOAN FETA, it crumbles to dust.
It is a scroll of identify.
d - 2 scrolls of revelation The quokka closely misses you.
The iron imp hits you.
* * * LOW HITPOINT WARNING * * *
The iron imp misses you. The crimson imp barely misses you.
As you read the scroll labelled BOALI FAXZOMN, it crumbles to dust.
You feel strangely unstable.
It was a scroll of teleportation.
The quokka closely misses you. The crimson imp barely misses you.
The quokka closely misses you. The iron imp barely misses you.
As you read the scroll labelled OZILEI RECHOLL, it crumbles to dust.
Magic quickly surges around you.
It was a scroll of vulnerability.
The iron imp hits you but does no damage.
You block the quokka's attack.
The crimson imp blinks!
Fire: a) +0 shortbow
Press: ? - help, Q - select action Shift-Dir - straight line, f - Eustachio, p - iron imp
Aim: Eustachio, wielding a +2 rapier of speed and wearing a +0 leather armour (severely wounded, weak-willed, umbra, 54% to hit)
You shoot an arrow. The arrow barely misses Eustachio.
The iron imp hits you!
* * * LOW HITPOINT WARNING * * *
The quokka barely misses you. The iron imp closely misses you.
Eustachio hits you with a +2 rapier of speed.
You die...
Eustachio says, "Such is the fate of all honourless rascals."

#### ........ #.<# ......
..# ...# #...# #. ..#
'.#####..# #. #..
###......# #.# ..
.........## #.# #.#
..........###.## ..#
.....##.#......##5.#####
####.##.#..##..@@....5..
).##.#..#.###..ยง5r......
...##..........#........
#.<#.......##.##.######.
###########......# ...#
#.....## #.##### #.....#
..)...# #.....# .8#...#
#.....#


You could see Eustachio (weak-willed), 2 iron imps, a crimson imp (summoned,
weak-willed) and a quokka (summoned, weak-willed).

Vanquished Creatures
  A hound (D:4)
  An iguana (D:4)
  Robin (D:2)
  7 gnolls (D:3)
  7 adders
  3 worms
  2 dart slugs (D:3)
  4 orcs
  3 bats
  4 endoplasms (D:3)
  2 giant cockroaches
  10 goblins
  12 hobgoblins
  2 quokkas (D:3)
  5 ball pythons
  2 frilled lizards (D:3)
  5 kobolds
  9 rats
80 creatures vanquished.

Notes
Turn   | Place    | Note
-------+----------+-------------------------------------------
     0 | D:1      | BinkBink the Demonspawn Hunter began the quest for the Orb.
     0 | D:1      | Reached XP level 1. HP: 16/16 MP: 1/1
   816 | D:2      | Noticed Robin
   822 | D:1      | Gained mutation: You are partially covered in thin metallic
                  | scales. (AC +2) [demonic ancestry]
   822 | D:1      | Reached XP level 2. HP: 23/23 MP: 2/2
  1289 | D:2      | Reached XP level 3. HP: 28/28 MP: 3/3
  1561 | D:2      | Found a runed translucent door.
  1562 | D:2      | Noticed Crazy Yiuf
  1757 | D:2      | Killed Robin
  1758 | D:2      | Gained mutation: A meltable shield of frost defends you.
                  | (SH +4) [demonic ancestry]
  1758 | D:2      | Reached XP level 4. HP: 25/35 MP: 4/4
  1934 | D:3      | Found a hazy altar of Hepliaklqana.
  1936 | D:3      | Found a shadowy altar of Dithmenos.
  1967 | D:3      | Became a worshipper of Dithmenos the Shadowed
  2331 | D:3      | Gained mutation: You have a small tail. [demonic ancestry]
  2331 | D:3      | Reached XP level 5. HP: 28/42 MP: 5/5
  2510 | D:3      | Found Biadgh's Armour Shoppe.
  2759 | D:3      | Reached * piety under Dithmenos
  2962 | D:4      | Noticed a black bear
  3196 | D:4      | Found a basalt altar of Yredelemnul.
  3243 | D:4      | Gained mutation: You have a tail ending in a sharp stinger.
                  | [demonic ancestry]
  3243 | D:4      | Reached XP level 6. HP: 49/49 MP: 6/6
  3293 | D:4      | Noticed Eustachio
  3312 | D:4      | Slain by Eustachio

Illustrated notes

Levels and vault maps discovered:
D:1:      lemuel_arrival_rhombus, layout_basic, kennysheep_another_room,
          chequers_serial_rivers_marsh, minmay_strange_pillars
D:2:      layout_basic, uniq_robin, uniq_crazy_yiuf_cottage
D:3:      layout_loops_ring, chequers_temple_overflow_statue_of_worship,
          serial_shops, shop_fountains, corexii_item_surrounded_by_moat,
          kennysheep_doodads, minmay_randomly_rotated_circles
D:4:      layout_rooms, jmf_multi_god_temple, grunt_ministairs_6,
          nicolae_shop_fire_sale [nicolae_sub_dead_trees],
          minmay_close_crescents, uniq_eustachio

Skill      XL: |  1  2  3  4  5 |
---------------+----------------+-----
Dodging        | 2 3 4 |  4.3
Fighting       | 3 4 |  4.7
Ranged Weapons | |  3.6
Stealth        | |  0.8

Action                     |  1- 3 |  4- 6 || total
---------------------------+-------+-------++-------
   Fire: Shortbow          |   101 |   180 ||   281
    Use: Scroll            |     2 |     4 ||     6
 Armour: Leather armour    |    44 |    51 ||    95
  Dodge: Dodged            |    46 |    66 ||   112
  Block: Other             |       |    20 ||    20

Table legend: (Time is in decaauts)
 A = Elapsed time spent in this place.
 B = Non-inter-level travel time spent in this place.
 C = Inter-level travel time spent in this place.
 D = Time resting spent in this place.
 E = Time spent auto-exploring this place.
 F = Levels seen in this place.
 G = Mean time per level.
                   A        B        C        D        E       F      G
               +--------+--------+--------+--------+--------+-----+--------+
         Total |   3391 |   3220 |    171 |    146 |   2390 |   4 |  847.8 |
       Dungeon |   3391 |   3220 |    171 |    146 |   2390 |   4 |  847.8 |
               +--------+--------+--------+--------+--------+-----+--------+

Top non-repeatable levels by time:
     D:2: 1040 daAuts
     D:3: 986 daAuts
     D:1: 919 daAuts
     D:4: 444 daAuts
